 Dungeon Crawl Stone Soup version 0.23.2-40-g277498a001 (webtiles) character file.

Game seed: 696168100586035599

210 H0rd4k the Charlatan (level 6, -7/44 HPs)
             Began as a Human Artificer on Oct 15, 2019.
             Killed by divine providence
             ... invoked by an orc priest
              (9 damage)
             ... on level 4 of the Dungeon.
             The game lasted 00:05:36 (4016 turns).

H0rd4k the Charlatan (Human Artificer)              Turns: 4016, Time: 00:05:36

Health: -7/44      AC:  8    Str: 14    XL:     6   Next: 12%
Magic:  8/8        EV: 13    Int: 11    God:
Gold:   130        SH:  0    Dex: 14    Spells: 5/5 levels left

rFire    . . .     SeeInvis .   t - +0 long sword (slice)
rCold    . . .     Gourm    .   (no shield)
rNeg     . . .     Faith    .   p - +3 leather armour
rPois    .         Spirit   .   (no helmet)
rElec    .         Reflect  .   (no cloak)
rCorr    .         Harm     .   (no gloves)
MR       .....                  r - +1 pair of boots
Stlth    ++........             (no amulet)
HPRegen  0.14/turn              (no ring)
MPRegen  0.11/turn              (no ring)

@: no status effects
A: no striking features
a: no special abilities


You were on level 4 of the Dungeon.
You were very hungry.

You visited 1 branch of the dungeon, and saw 4 of its levels.

You collected 130 gold pieces.

Inventory:

Hand Weapons
 a - a +0 short sword
 q - a +1 dagger of draining
 t - a +0 long sword of slicing (weapon)
Missiles
 n - 7 tomahawks (quivered)
Armour
 p - a +3 leather armour (worn)
 r - a +1 pair of boots (worn)
Jewellery
 b - an uncursed amulet of regeneration {unknown}
 w - an uncursed amulet of regeneration {unknown}
Wands
 c - a wand of flame (12)
 d - a wand of enslavement (12)
 e - a wand of random effects (14)
Scrolls
 g - a scroll of teleportation {unknown}
 k - 5 scrolls of identify {unknown}
 l - a scroll of blinking {unknown}
 m - 2 scrolls of magic mapping {unknown}
 s - a scroll of remove curse {unknown}
Potions
 h - 2 potions of lignification {unknown}
 i - a potion of berserk rage {unknown}
 j - a potion of magic {unknown}
 o - 2 potions of curing {unknown}
 u - a potion of invisibility {unknown}
 v - a potion of mutation {unknown}
 x - a potion of haste {unknown}
Comestibles
 f - 8 rations


   Skills:
 + Level 1.8 Fighting
 + Level 2.5(2.8) Short Blades
 + Level 1.6(2.3) Long Blades
 + Level 2.0 Armour
 + Level 2.8 Dodging
 + Level 1.9 Stealth
 + Level 3.6 Evocations


You had 5 spell levels left.
You didn't know any spells.
Your spell library contained the following spells:

 Spells                   Type           Power        Failure   Level  Hunger
 Animate Skeleton         Necr           N/A          41%         1    ##.....
 Pain                     Necr           #...         41%         1    ##.....
 Regeneration             Chrm/Necr      #.........   78%         3    ####...
 Vampiric Draining        Necr           #.........   78%         3    ####...
 Animate Dead             Necr           N/A          99%         4    #####..


Dungeon Overview and Level Annotations

Branches:
Dungeon (4/15)
 Temple: D:4-7

Altars:
Kikubaaqudgha
Okawaru
Xom

Shops:
D:4 !

Annotations:
D:3 exclusion: downstairs
D:4 3 runed translucent doors, kalagan's ghost, novice GrEE


Message History

The orc wizard hits you but does no damage.
The ogre misses you. The orc priest closely misses you.
You riposte.
You closely miss the orc priest. The orc wizard closely misses you.
You completely miss the ogre.
The ogre is almost dead.
The ogre closely misses you.
The orc priest hits you but does no damage.
The orc wizard points at you and mumbles some strange words.
The magic dart hits you!
* * * LOW HITPOINT WARNING * * *
Evoke which item? (* to show all) (? for menu, Esc to quit)
Aiming: Enslavement
Press: ? - help, Shift-Dir - straight line, f - ogre
Aim: an ogre, wielding a +0 giant club (almost dead, chance to defeat MR: 56%)
The ogre resists with significant effort.
The ogre hits you with a +0 giant club.
* * * LOW HITPOINT WARNING * * *
The orc priest mumbles some strange prayers to Beogh against you.
Beogh smites you!
You die...

### #.# #.######### #..........
#.######### ######### #.#
#........ #.# #.######### .#.#
#..@o.....#
.#.###########.................
##.###.######........... .#
.....#.##########..###.#..#.
####.(..∩.#.(..(#......#...
#.#.####.(...#..###.#.## #.#.#
...[.+.........# #.#.#
(....+..........


You could see an ogre, an orc priest and an orc wizard.

Vanquished Creatures
  A howler monkey (D:4)
  An orc wizard (D:3)
  Jessica (D:2)
  Robin (D:2)
  An adder (D:2)
  An adder zombie (D:4)
  A worm (D:2)
  5 leopard geckos
  8 orcs
  A giant cockroach (D:2)
  16 goblins
  10 hobgoblins
  3 jackals (D:2)
  3 kobolds
  2 quokkas
  A ball python (D:2)
  8 bats
  2 frilled lizards
  8 rats
74 creatures vanquished.

Notes
Turn   | Place    | Note
-------+----------+-------------------------------------------
     0 | D:1      | H0rd4k the Human Artificer began the quest for the Orb.
     0 | D:1      | Reached XP level 1. HP: 15/15 MP: 3/3
   490 | D:1      | Reached XP level 2. HP: 21/21 MP: 4/4
  1454 | D:2      | Reached XP level 3. HP: 25/26 MP: 5/5
  1614 | D:2      | Noticed Jessica
  1629 | D:2      | Killed Jessica
  1629 | D:2      | Reached skill level 1 in Armour
  1629 | D:2      | Reached XP level 4. HP: 27/32 MP: 6/6
  2614 | D:2      | Noticed Robin
  2615 | D:2      | Killed Robin
  2615 | D:2      | Reached XP level 5. HP: 34/37 MP: 7/7
  3092 | D:3      | Found a sacrificial altar of Ru.
  3152 | D:3      | Found a bloodstained altar of Trog.
  3152 | D:3      | Found an ancient bone altar of Kikubaaqudgha.
  3154 | D:3      | Found an iron altar of Okawaru.
  3154 | D:3      | Found a shimmering altar of Xom.
  3154 | D:3      | Found an opulent altar of Gozag.
  3423 | D:4      | Found a runed translucent gate.
  3424 | D:4      | Found a runed translucent gate.
  3424 | D:4      | Found a runed translucent gate.
  3427 | D:4      | Noticed kalagan's ghost (novice GrEE)
  3529 | D:3      | Reached skill level 1 in Long Blades
  3529 | D:3      | Reached XP level 6. HP: 20/44 MP: 8/8
  3756 | D:4      | Found Sogra's Distillery.
  3771 | D:4      | Noticed an ogre
  4016 | D:4      | HP: 2/44 [ogre/+0 giant club (3)]
  4016 | D:4      | Killed from afar by an orc priest

Skill      XL: |  1  2  3  4  5 |
---------------+----------------+-----
Armour         | 1 2 |  2.0
Short Blades   | 2 |  2.5
Long Blades    | 1 |  1.6
Fighting       | |  1.8
Dodging        | |  2.8
Stealth        | |  1.9
Evocations     | |  3.6

Action                   |  1- 3 |  4- 6 || total
-------------------------+-------+-------++-------
Melee: Short sword       |   107 |    92 ||   199
       Dagger            |       |    37 ||    37
       Long sword        |       |    48 ||    48
Evoke: Wand              |     1 |     6 ||     7
 Stab: Sleeping          |     1 |     4 ||     5
       Distracted        |       |     2 ||     2
  Eat: Chunk             |     2 |     7 ||     9
Armor: Leather armour    |    24 |    56 ||    80
Dodge: Dodged            |    66 |   115 ||   181
       Rpst.: Long sword |       |    12 ||    12
